 Dungeon Crawl Stone Soup version 0.27.1-34-g3ba077fa99 (webtiles) character file.

Game seed: 8096220544300255038

569 boopmooplesden the Twirler (level 7, -8/57 (58) HPs)
             Began as a Minotaur Gladiator on Jan 7, 2022.
             Killed by divine providence
             ... invoked by an orc priest
              (11 damage)
             ... on level 4 of the Dungeon.
             The game lasted 00:05:04 (4189 turns).

boopmooplesden the Twirler (Minotaur Gladiator)     Turns: 4189, Time: 00:05:05

HP:   -8/57 (58)    AC:  4    Str: 19    XL:     7   Next: 11%
MP:   6/6           EV: 13    Int:  7    God:
Gold: 70            SH:  0    Dex: 13    Spells: 6/6 levels left

rFire    . . .     SeeInvis .   a - +0 quarterstaff
rCold    . . .     Faith    .   (shield currently unavailable)
rNeg     . . .     Spirit   .   b - +0 leather armour
rPois    .         Reflect  .   c - +0 hat
rElec    .         Harm     .   g - +0 cloak
rCorr    .         Rampage  .   (no gloves)
Will     .....                  (no boots)
Stlth    ++........             (no amulet)
HPRegen  0.19/turn              (no ring)
MPRegen  0.10/turn              (no ring)

@: studying Invocations, lightly drained
A: horns 2, retaliatory headbutt, clever 1
a: no special abilities


You were on level 4 of the Dungeon.
You visited 1 branch of the dungeon, and saw 4 of its levels.

You collected 70 gold pieces.

Inventory:

Hand Weapons
 a - a +0 quarterstaff (weapon)
Armour
 b - a +0 leather armour (worn)
 c - a +0 hat (worn)
 g - a +0 cloak (worn)
Jewellery
 e - a ring of willpower
Scrolls
 j - 2 scrolls of magic mapping
 l - 2 scrolls of identify
Potions
 f - 2 potions of might
 h - a potion of haste
 k - 2 potions of brilliance
 m - a potion of attraction {unknown}
 n - a potion of flight {unknown}


   Skills:
 + Level 3.9 Fighting
 + Level 6.4 Staves
 + Level 2.1 Throwing
 + Level 3.6 Armour
 + Level 4.7 Dodging
 + Level 2.5 Stealth


You had 6 spell levels left.
You didn't know any spells.
Your spell library was empty.

Dungeon Overview and Level Annotations

Branches:
Dungeon (4/15)
 Temple: D:4-7

Altars:
Elyvilon
Wu Jian
Xom


Innate Abilities, Weirdness & Mutations

You have a pair of horns on your head.
You reflexively headbutt those who attack you in melee.
Your mind is acute. (Int +2)


Message History

You hear some strange, mumbled words.
You are confused.
Found an ornate altar of the Wu Jian Council.
A magic dart appears from out of thin air!
The magic dart hits you but does no damage.
Items here: $ ( ) †.
The orc priest calls down the wrath of Beogh upon you.
Pain shoots through your body!
You hear some strange, mumbled words.
Something tries to affect you, but you resist.
You miss the orc priest.
The orc priest hits you with a +0 hand axe!
You hear some strange, mumbled words.
A puff of flame appears from out of thin air!
The puff of flame hits you!
You closely miss the orc priest.
The orc priest hits you but does no damage.
Something hits you but does no damage. The orc priest barely misses you.
You bump into the rock wall.
Something hits you.
The orc priest hits you with a +0 hand axe!
* * * LOW HITPOINT WARNING * * *
You closely miss the orc priest.
You feel less confused. Something hits you.
* * * LOW HITPOINT WARNING * * *
The orc priest hits you with a +0 hand axe.
* * * LOW HITPOINT WARNING * * *
You closely miss the orc priest. Something hits you.
* * * LOW HITPOINT WARNING * * *
The orc priest invokes the aid of Beogh against you.
Pain shoots through your body!
* * * LOW HITPOINT WARNING * * *
You barely miss the orc priest. You headbutt the orc priest.
The orc priest is moderately wounded.
Something hits you.
* * * LOW HITPOINT WARNING * * *
The orc priest mumbles some strange prayers to Beogh against you.
Beogh smites you!
You die...

..#.#.#.#.#..#
.............#....# ._
...#.#.#.#.#......# #..
#............>...#...
#.....#..........#.#####.
....##...................
................#.......
###....##..............
.#....##@..)..##...... .
.. #.#..o..#......... ..
##.##......)##.......#
...#...#.#..............#
......:#................#
#..........#.............
###..............?...o
####[<.###........o...
#.......##..........#.


You could see an orc priest.

Vanquished Creatures
  Menkaure (D:4)
  A necrophage (D:4)
  A phantom (D:4)
  2 iguanas (D:4)
  Natasha (thrice) (D:2)
  6 adders
  An adder skeleton (D:4)
  3 worms
  8 orcs
  7 endoplasms
  7 giant cockroaches
  8 goblins
  8 hobgoblins
  3 jackals (D:2)
  9 kobolds
  4 quokkas
  5 ball pythons
  8 bats
  A frilled lizard (D:1)
  6 rats
92 creatures vanquished.

Notes
Turn   | Place    | Note
-------+----------+-------------------------------------------
     0 | D:1      | boopmooplesden the Minotaur Gladiator began the quest for
                  | the Orb.
     0 | D:1      | Reached XP level 1. HP: 18/18 MP: 0/0
    90 | D:1      | Reached skill level 4 in Staves
   195 | D:1      | Reached XP level 2. HP: 25/25 MP: 1/1
   989 | D:1      | Reached XP level 3. HP: 29/30 MP: 2/2
  1034 | D:2      | Noticed Natasha
  1045 | D:2      | Killed Natasha
  1046 | D:2      | Reached skill level 1 in Armour
  1282 | D:2      | Found a white marble altar of Elyvilon.
  1524 | D:2      | Reached XP level 4. HP: 38/38 MP: 3/3
  1528 | D:2      | Found a faded altar of an unknown god.
  1556 | D:2      | Reached skill level 1 in Stealth
  1622 | D:2      | Noticed Natasha
  1631 | D:2      | Killed Natasha
  1635 | D:2      | Noticed Natasha
  1644 | D:2      | Killed Natasha
  1645 | D:2      | Reached skill level 5 in Staves
  1645 | D:2      | Reached XP level 5. HP: 10/45 MP: 4/4
  2476 | D:2      | Gained mutation: Your mind is acute. (Int +2) [potion of
                  | mutation]
  3261 | D:3      | Found a shimmering altar of Xom.
  3733 | D:4      | Noticed Menkaure
  3741 | D:4      | Killed Menkaure
  3742 | D:4      | Reached XP level 6. HP: 51/51 MP: 5/5
  3829 | D:4      | Reached skill level 6 in Staves
  4124 | D:4      | Reached XP level 7. HP: 48/56 MP: 6/6
  4180 | D:4      | Found an ornate altar of the Wu Jian Council.
  4189 | D:4      | Killed from afar by an orc priest

Illustrated notes

Levels and vault maps discovered:
D:1:      dpeg_arrival_leaves_temple_mockup, layout_loops_ring, st_stairs_7
D:2:      layout_loops_ring, basic_altar, hellmonk_ecumenical_altar_arch_garden,
          uniq_natasha
D:3:      layout_loops_corners, mainiacjoe_overflow_concentric_impassable,
          chequers_decorated_corner
D:4:      layout_cave_pools, mainiacjoe_overflow_cross_hatched, kennysheep_nub,
          st_stairs_9, uniq_menkaure

Skill      XL: |  1  2  3  4  5  6 |
---------------+-------------------+-----
Staves         | 4 5 6 |  6.4
Armour         | 1 2 3 |  3.6
Fighting       | 3 |  3.9
Stealth        | 1 2 |  2.5
Dodging        | 4 |  4.7
Throwing       | |  2.1

Action                   |  1- 3 |  4- 6 |  7- 9 || total
-------------------------+-------+-------+-------++-------
Melee: Quarterstaff      |    64 |   132 |    15 ||   211
       Headbutt          |    10 |    18 |     4 ||    32
Throw: Throwing net      |     1 |     3 |       ||     4
  Use: Scroll            |       |     6 |       ||     6
       Potion            |       |     1 |       ||     1
 Stab: Sleeping          |     1 |     5 |       ||     6
       Held in net/web   |       |     2 |       ||     2
Armor: Leather armour    |    16 |    22 |     4 ||    42
Dodge: Dodged            |    42 |    97 |     6 ||   145
